 Dungeon Crawl Stone Soup version 0.29.1-15-g9cfb28693d (webtiles) character file.

Game seed: 11224037859718181553

125 leafyfresh the Sneak (level 5, -2/37 HPs)
             Began as an Octopode Delver on Mar 10, 2023.
             Slain by a scorpion (3 damage)
             ... on level 5 of the Dungeon.
             The game lasted 00:00:41 (373 turns).

leafyfresh the Sneak (Octopode Delver)               Turns: 373, Time: 00:00:42

Health: -2/37      AC:  1    Str: 12    XL:     5   Next: 9%
Magic:  5/5        EV: 14    Int: 14    God:
Gold:   11         SH:  0    Dex: 13    Spells: 4/4 levels left

rFire   . . .      SeeInvis .   g - +1 dagger (elec)
rCold   . . .      Faith    .   (no shield)
rNeg    . . .      Spirit   .   (helmet restricted)
rPois   .          Reflect  .   (no amulet)
rElec   .          Harm     .   (no ring)
rCorr   .          Rampage  .   (no ring)
Will    .....                   (no ring)
Stlth   +++++.....              (no ring)
HPRegen 0.12/turn               (no ring)
MPRegen 0.09/turn               (no ring)
                                (no ring)
                                (no ring)

@: no status effects
A: almost no armour, amphibious, 8 rings, camouflage 1, gelatinous body 1,
(nimble swimmer 1), tentacles
a: no special abilities


You were on level 5 of the Dungeon.
You visited 1 branch of the dungeon, and saw 1 of its levels.

You collected 11 gold pieces.

Inventory:

Hand Weapons
 a - a +0 short sword
 g - a +1 dagger of electrocution (weapon)
Wands
 f - a wand of digging (3)
Scrolls
 b - a scroll of fog
 c - 2 scrolls of magic mapping
 h - a scroll of blinking {unknown}
Potions
 e - a potion of haste


   Skills:
 + Level 4.0 Fighting
 - Level 2.0 Short Blades
 + Level 3.3 Dodging
 + Level 7.7 Stealth


You had 4 spell levels left.
You didn't know any spells.
Your spell library was empty.

Dungeon Overview and Level Annotations

Branches:
Dungeon (5/15)
 Temple: D:4-7

Altars:
Cheibriados
Wu Jian


Innate Abilities, Weirdness & Mutations

You cannot wear most types of armour.
You are amphibious.
You can wear up to eight rings at the same time.
Your skin changes colour to match your surroundings (Stealth+).
Your rubbery body absorbs attacks. (AC +1, EV +1)
((You are camouflaged when in or above water. (Stealth+)))
You have tentacles for arms and can constrict up to eight enemies at once.


Message History

You constrict the necrophage.
You destroy the necrophage!
The orc priest looks satisfied for a moment.
Your life force feels restored.
Your Fighting skill increases to level 4!
Your Dodging skill increases to level 3!
You have reached level 5!
You feel stronger.
As you read the scroll of fear, it crumbles to dust.
You assume a fearsome visage.
The orc priest looks frightened!
The scorpion looks frightened!
Unknown command.
Cornered, the orc priest turns to fight!
Cornered, the scorpion turns to fight!
The orc priest begins to cast a cantrip, but forgets the words!
Found a stone staircase leading down.
A hound comes into view.
The hound barks!
The hound stops to sniff the ground.
The orc priest casts a cantrip, but nothing happens.
The hound bites you.
* * * LOW HITPOINT WARNING * * *
You barely miss the hound. You grab the hound. You constrict the hound.
The hound completely misses you.
The orc wizard gestures wildly while chanting.
The orc wizard flickers and vanishes!
Deactivating autopickup; reactivate with Ctrl-A.
You barely miss the hound.
The hound is lightly wounded.
You constrict the hound, but do no damage.
The hound misses you. The hound bites you.
* * * LOW HITPOINT WARNING * * *
You hit the hound but do no damage. You squeeze the hound!
The hound is heavily wounded.
You constrict the hound. The hound bites you.
* * * LOW HITPOINT WARNING * * *
You hit the hound. Lightning courses through the hound!
You kill the hound!
The scorpion stings you.
You die...

## ####. #.... #....
#.... ####
##############. ...
#..........###.
##.###.###.............)
......>@so.....#.###.###
..####.##......# ..#.#..
#.#.......###.#.#.#
#.#.........#.#.#.#
#.#......._...o....
#.#.........#.#.#.#
#.#.......###.#.#.#
#.#.......# ..#.#so
#.......#.###.###


You could see a scorpion and an orc priest.

Vanquished Creatures
  A necrophage (D:5)
  A hound (D:5)
  A jelly (D:5)
  An orc wizard (D:5)
  An ufetubus (D:5)
  3 orcs (D:5)
8 creatures vanquished.

Notes
Turn   | Place    | Note
-------+----------+-------------------------------------------
     0 | D:5      | leafyfresh the Octopode Delver began the quest for the Orb.
     0 | D:5      | Reached XP level 1. HP: 16/16 MP: 1/1
    15 | D:5      | Noticed a jelly
    25 | D:5      | Killed a jelly
    26 | D:5      | Reached skill level 7 in Stealth
    26 | D:5      | Reached XP level 2. HP: 14/21 MP: 2/2
    26 | D:5      | Reached XP level 3. HP: 18/26 MP: 3/3
   200 | D:5      | Reached XP level 4. HP: 19/33 MP: 4/4
   333 | D:5      | Found an ornate altar of the Wu Jian Council.
   333 | D:5      | Found a snail-covered altar of Cheibriados.
   340 | D:5      | Noticed a scorpion
   341 | D:5      | Noticed a necrophage
   353 | D:5      | Killed a necrophage
   354 | D:5      | Reached XP level 5. HP: 10/37 MP: 5/5
   372 | D:5      | HP: 1/37 [hound (5)]
   373 | D:5      | Slain by a scorpion

Illustrated notes

Levels and vault maps discovered:
D:5:      layout_basic, mainiacjoe_overflow_large_starburst,
          grunt_temple_overflow_open

Skill      XL: |  1  2  3  4 |
---------------+-------------+-----
Stealth        | 7 |  7.7
Fighting       | 4 |  4.0
Dodging        | 3 |  3.3
Short Blades   | |  2.0

Action                   |  1- 3 |  4- 6 || total
-------------------------+-------+-------++-------
Melee: Dagger            |    11 |    10 ||    21
       Tentacles         |     3 |     2 ||     5
       Short sword       |     1 |       ||     1
       Constrict         |     2 |     3 ||     5
  Use: Scroll            |       |     1 ||     1
 Stab: Sleeping          |     1 |       ||     1
Dodge: Dodged            |     5 |     8 ||    13
